[Event "Titled Tuesday Blitz November 16 2021"]
[White "Budisavljevic, Luka"]
[Black "Preotu, Razvan"]
[WhiteFideId "960047"]
[BlackFideId "2613280"]
[WhiteElo "2239"]
[BlackElo "2407"]
[Result "1-0"]
[Round "11"]
[TimeControl "180+1"]
[Date "2021.11.16"]
[WhiteClock "0:00:19"]
[BlackClock "0:00:02"]

1. c4 c5 2. Nc3 Nc6 3. g3 g6 4. Bg2 Bg7 5. e3 e5 6. Nge2 Nge7 7. O-O O-O 8. Rb1 d6 9. a3 a5 10. b3 Bf5 11. d3 Qd7 12. Bb2 Bh3 13. Nb5 Bxg2 14. Kxg2 d5 15. cxd5 Qxd5+ 16. Kg1 Rac8 17. Nec3 Qe6 18. Na4 b6 19. Qc2 Rb8 20. Qc4 Qh3 21. Nac3 Rfd8 22. Rbd1 Rd7 23. Qe4 Rbd8 24. Na4 Nd5 25. Nbc3 Nde7 26. Nxb6 Rb7 27. Nca4 Rdb8 28. Nc4 Rxb3 29. Ba1 f5 30. Qg2 Qxg2+ 31. Kxg2 R3b5 32. Nd6 Rb3 33. Nc4 R3b5 34. Rd2 Rd8 35. Rfd1 Nc8 36. Rb2 Rxb2 37. Bxb2 e4 38. Bxg7 Kxg7 39. Nxc5 exd3 40. Rxd3 Rxd3 41. Nxd3 N8e7 42. Kf3 Nd5 43. Nde5 Nxe5+ 44. Nxe5 Nc3 45. Nc4 a4 46. g4 Kf6 47. h4 fxg4+ 48. Kxg4 Ke6 49. f3 Kd5 50. Nb2 h6 51. h5 gxh5+ 52. Kxh5 Kc5 53. Kxh6 Kb5 54. f4 Nd5 55. f5 Nxe3 56. f6 Ng4+ 57. Kg7 Ne5 58. f7 Nxf7 59. Kxf7 1-0


[Site "https://www.chess.com"]

[Event "Titled Tuesday Blitz November 16 2021"]
[White "Djordjevic, Vuk"]
[Black "Golubev, Mikhail"]
[WhiteFideId "902098"]
[BlackFideId "14100983"]
[WhiteElo "2463"]
[BlackElo "2374"]
[Result "1-0"]
[Round "11"]
[TimeControl "180+1"]
[Date "2021.11.16"]
[WhiteClock "0:00:15"]
[BlackClock "0:00:02"]

1. d4 Nf6 2. Bg5 d5 3. Bxf6 gxf6 4. e3 c5 5. dxc5 e6 6. Nf3 Bxc5 7. c4 dxc4 8. Qc2 O-O 9. Bxc4 Nc6 10. O-O Qe7 11. Nc3 b6 12. Ne4 Bb7 13. Qa4 Ne5 14. Nxe5 fxe5 15. Nxc5 Qxc5 16. Be2 e4 17. Rac1 Qe5 18. Rc2 a5 19. Rfc1 Rfd8 20. Qb3 Rd6 21. Rc7 Bd5 22. Qa3 Rad8 23. h3 Kg7 24. Rc8 Rxc8 25. Rxc8 h6 26. g3 Kh7 27. Kg2 Rc6 28. Rxc6 Bxc6 29. Qf8 Kg6 30. Qg8+ Qg7 31. Bh5+ Kf6 32. Qd8+ Ke5 33. Qd4+ Kf5 34. g4+ Kg5 35. Qxg7+ Kh4 36. Qf6# 1-0


[Site "https://www.chess.com"]

[Event "Titled Tuesday Blitz November 16 2021"]
[White "Gabrielian, Artur"]
[Black "Gurevich, Dmitry"]
[WhiteFideId "4131002"]
[BlackFideId "2000407"]
[WhiteElo "2440"]
[BlackElo "2506"]
[Result "1-0"]
[Round "11"]
[TimeControl "180+1"]
[Date "2021.11.16"]
[WhiteClock "0:00:25"]
[BlackClock "0:00:34"]

1. e4 c5 2. Nf3 d6 3. d4 cxd4 4. Nxd4 Nf6 5. Nc3 Nc6 6. Bg5 g6 7. Bxf6 exf6 8. Bc4 Bg7 9. O-O Nxd4 10. Qxd4 O-O 11. Qd3 f5 12. Rad1 Bxc3 13. Qxc3 fxe4 14. Rfe1 Bf5 15. Bd5 Rc8 16. Qb3 e3 17. Qxe3 Rxc2 18. Qxa7 Rxb2 19. Qd4 Qb6 20. Qxb6 Rxb6 21. Re7 Be6 22. Bxe6 fxe6 23. Rxe6 Ra8 24. h3 Rxa2 25. Rde1 Rbb2 26. Re8+ Kg7 27. R1e7+ Kh6 28. Rf7 Kg5 29. g3 Rb1+ 30. Kg2 Raa1 31. h4+ Kh6 32. Ree7 Rg1+ 33. Kh3 Rh1+ 34. Kg4 1-0


[Site "https://www.chess.com"]

[Event "Titled Tuesday Blitz November 16 2021"]
[White "Gelman, Alexander"]
[Black "Maly, Alexey"]
[WhiteFideId "4118316"]
[BlackFideId "14103184"]
[WhiteElo "2375"]
[BlackElo "2294"]
[Result "1/2-1/2"]
[Round "11"]
[TimeControl "180+1"]
[Date "2021.11.16"]
[WhiteClock "0:00:34"]
[BlackClock "0:01:18"]

1. d4 d5 2. Nc3 Nf6 3. Bf4 a6 4. e3 e6 5. g4 c5 6. g5 Nfd7 7. Nf3 Nc6 8. h4 b5 9. Bh3 Bb7 10. Ne2 Qb6 11. c3 Be7 12. h5 O-O-O 13. a4 b4 14. a5 Nxa5 15. O-O c4 16. Ra2 Nb3 17. cxb4 Bxb4 18. Nc3 a5 19. Ne5 Nxe5 20. Bxe5 f6 21. gxf6 gxf6 22. Bxf6 Rhg8+ 23. Kh1 Rdf8 24. Be5 Qc6 25. f4 Qe8 26. f5 exf5 27. Rxf5 Rxf5 28. Bxf5+ Kd8 29. Qf3 Qf7 1/2-1/2


[Site "https://www.chess.com"]

[Event "Titled Tuesday Blitz November 16 2021"]
[White "Ghazarian, Kirk"]
[Black "Aditya Mittal"]
[WhiteFideId "30908604"]
[BlackFideId "35042025"]
[WhiteElo "2003"]
[BlackElo "2245"]
[Result "0-1"]
[Round "11"]
[TimeControl "180+1"]
[Date "2021.11.16"]
[WhiteClock "0:00:01"]
[BlackClock "0:00:18"]

1. e4 c5 2. Nf3 d6 3. d4 cxd4 4. Nxd4 Nf6 5. Nc3 a6 6. b3 g6 7. Bb2 Bg7 8. g3 Nc6 9. Nxc6 bxc6 10. Bg2 Bg4 11. Qd3 O-O 12. h3 Be6 13. O-O Qc7 14. Rad1 Nd7 15. f4 f5 16. Kh2 Nc5 17. Qe3 Rae8 18. e5 Nd7 19. exd6 exd6 20. Qd3 d5 21. Na4 Bxb2 22. Nxb2 Nc5 23. Qd4 Ne4 24. Nd3 c5 25. Qe5 Qb6 26. Qb2 d4 27. Ne5 Bd5 28. Nd7 Qc6 29. Nxf8 Kxf8 30. Rfe1 a5 31. Qa3 Kg7 32. Qc1 Ra8 33. a4 Qc7 34. Rd3 Rd8 35. Qd1 h6 36. h4 Bb7 37. Kg1 Re8 38. Bh1 Re7 39. Bg2 Ba6 40. Rf3 Qd6 41. Bf1 Bb7 42. Bd3 Nc3 43. Rxe7+ Qxe7 44. Qf1 Bd5 45. Qf2 Nd1 0-1


[Site "https://www.chess.com"]

[Event "Titled Tuesday Blitz November 16 2021"]
[White "Iskusnyh, Sergei"]
[Black "Wagner, Dennis"]
[WhiteFideId "4120027"]
[BlackFideId "24650684"]
[WhiteElo "2492"]
[BlackElo "2355"]
[Result "1/2-1/2"]
[Round "11"]
[TimeControl "180+1"]
[Date "2021.11.16"]
[WhiteClock "0:00:08"]
[BlackClock "0:00:07"]

1. d4 Nf6 2. c4 e6 3. g3 d5 4. Bg2 Be7 5. Nf3 O-O 6. O-O dxc4 7. Qa4 a6 8. Qxc4 b5 9. Qc2 Bb7 10. Bd2 Be4 11. Qc1 c6 12. Nc3 Bg6 13. Rd1 Nbd7 14. Bg5 Rc8 15. Ne5 Nxe5 16. Bxf6 Nd7 17. Bxe7 Qxe7 18. Qe3 Rfe8 19. Rac1 c5 20. d5 exd5 21. Qxe7 Rxe7 22. Nxd5 Rxe2 23. Nf4 Re7 24. Rd6 Ne5 25. Rxc5 Rce8 26. Nd5 Rd7 27. Rxd7 Nxd7 28. Rc1 f6 29. Nc7 Rc8 30. Bd5+ Bf7 31. Bb7 Rb8 32. Bxa6 b4 33. Bc4 Bxc4 34. Rxc4 Ne5 35. Rc5 b3 36. axb3 Rxb3 37. Ne6 Kf7 38. Nf4 Rb7 39. b4 g5 40. Nd5 g4 41. Rc7+ Rxc7 42. Nxc7 f5 43. b5 Nc4 44. Nd5 Ke6 45. b6 Nd6 46. Ne3 Kd7 47. Kg2 Kc6 48. h3 h5 49. h4 Kxb6 50. Nd5+ Kc5 51. Nf4 Kd4 52. Nxh5 Ke5 53. Nf4 Ne4 54. h5 Kf6 55. h6 Ng5 56. Kf1 Nf7 57. Ke2 Nxh6 58. Ke3 Nf7 59. Nd5+ Ke5 60. Nf4 Ng5 61. Ng6+ Kf6 62. Nf4 Ne4 63. Nh5+ Ke5 64. Nf4 Nf6 65. Ng6+ Ke6 66. Nf4+ Ke5 67. Ng6+ Ke6 68. Nf4+ Kd6 69. Ng6 Nd5+ 70. Kd4 Nf6 71. Nh4 Ke6 72. Ng6 Ne4 73. Ke3 Nf6 1/2-1/2


[Site "https://www.chess.com"]

[Event "Titled Tuesday Blitz November 16 2021"]
[White "Janaszak, Dawid"]
[Black "Csonka, Balazs"]
[WhiteFideId "1119206"]
[BlackFideId "742910"]
[WhiteElo "2215"]
[BlackElo "2404"]
[Result "1-0"]
[Round "11"]
[TimeControl "180+1"]
[Date "2021.11.16"]
[WhiteClock "0:00:23"]
[BlackClock "0:00:01"]

1. e4 c6 2. d4 d5 3. exd5 cxd5 4. Bd3 Nc6 5. c3 Nf6 6. Bf4 Bg4 7. Qb3 Qc8 8. Nd2 e6 9. Ngf3 Be7 10. O-O Bh5 11. Rae1 O-O 12. Qc2 Bg6 13. Bxg6 hxg6 14. Qd3 a6 15. Ng5 Nh5 16. Qh3 e5 17. dxe5 Qf5 18. Qxf5 gxf5 19. Nh3 Nxf4 20. Nxf4 Bg5 21. g3 Bxf4 22. gxf4 Nd8 23. Nf3 Ne6 24. Nd4 g6 25. Ne2 Kg7 26. Rd1 Rh8 27. Rxd5 Rh4 28. Rd3 Rah8 29. h3 Nxf4 30. Nxf4 Rxf4 31. Re1 Rfh4 32. Kg2 g5 33. e6 fxe6 34. Rxe6 Kf7 35. Rb6 g4 36. Rd7+ Ke8 37. Rbxb7 gxh3+ 38. Kh2 Rg8 39. Rdc7 Rg2+ 40. Kh1 Kd8 41. Rf7 Kc8 42. Ra7 1-0


[Site "https://www.chess.com"]

[Event "Titled Tuesday Blitz November 16 2021"]
[White "Kamsky, Gata"]
[Black "Maksimovic, Bojan"]
[WhiteFideId "2000024"]
[BlackFideId "14408120"]
[WhiteElo "2645"]
[BlackElo "2439"]
[Result "1-0"]
[Round "11"]
[TimeControl "180+1"]
[Date "2021.11.16"]
[WhiteClock "0:01:30"]
[BlackClock "0:00:16"]

1. e4 c5 2. Nc3 Nc6 3. Bc4 g6 4. d3 Bg7 5. Nf3 d6 6. h3 Nf6 7. a3 O-O 8. O-O a6 9. Ba2 b6 10. Bf4 Bb7 11. Qd2 Nd4 12. Nxd4 cxd4 13. Ne2 e5 14. Bg5 h6 15. Bxh6 d5 16. Bxg7 Kxg7 17. f4 dxe4 18. fxe5 Nd7 19. Nxd4 Nxe5 20. dxe4 Qe7 21. Rae1 Rad8 22. Qe3 Rd6 23. c3 Qh4 24. Rf4 Qg5 25. Ref1 Rf6 26. h4 Qh6 27. Qg3 Rxf4 28. Rxf4 Kh7 29. Rf6 Re8 30. Bxf7 Re7 31. Be6 Nc6 32. Nf5 Qc1+ 33. Kh2 1-0


[Site "https://www.chess.com"]

[Event "Titled Tuesday Blitz November 16 2021"]
[White "Karpeshov, Oleg"]
[Black "Howell, David W L"]
[WhiteFideId "4106814"]
[BlackFideId "410608"]
[WhiteElo "2354"]
[BlackElo "2666"]
[Result "0-1"]
[Round "11"]
[TimeControl "180+1"]
[Date "2021.11.16"]
[WhiteClock "0:00:12"]
[BlackClock "0:00:06"]

1. e4 c5 2. Nf3 Nc6 3. Bb5 e6 4. O-O Nge7 5. d4 cxd4 6. Nxd4 Qb6 7. Nxc6 bxc6 8. Be2 d5 9. Nd2 Ng6 10. c4 d4 11. Nf3 e5 12. Ne1 c5 13. Nd3 Bd6 14. b4 cxb4 15. a3 b3 16. Rb1 Rb8 17. Nb4 a5 18. Nd5 Qb7 19. c5 Bxc5 20. a4 Bd7 21. Bb5 Bxb5 22. axb5 a4 23. Ra1 Ra8 24. Qd3 O-O 25. Qc4 Rfc8 26. Rxa4 Ba3 27. Rxa8 Qxa8 28. Qxb3 Rxc1 29. Rxc1 Bxc1 30. b6 Bg5 31. h4 Bd8 32. b7 Qb8 33. Qb5 d3 34. Qe8+ Nf8 35. Ne7+ Bxe7 36. Qxb8 d2 37. Qxe5 d1=Q+ 38. Kh2 Bd6 39. b8=Q Bxe5+ 40. Qxe5 h5 41. f3 g6 42. Qg5 Ne6 43. Qg3 Qd2 44. Qb8+ Kh7 45. Kg3 Qe1+ 46. Kh3 Qh1+ 47. Kg3 Qe1+ 48. Kh3 Qa1 49. Kg3 Kg7 50. Qd6 Qe1+ 51. Kh3 Qc3 52. Kg3 Qf6 53. Kh3 Nf4+ 0-1


[Site "https://www.chess.com"]

[Event "Titled Tuesday Blitz November 16 2021"]
[White "Kryakvin, Dmitry"]
[Black "Dronavalli, Harika"]
[WhiteFideId "4153278"]
[BlackFideId "5015197"]
[WhiteElo "2372"]
[BlackElo "2422"]
[Result "1/2-1/2"]
[Round "11"]
[TimeControl "180+1"]
[Date "2021.11.16"]
[WhiteClock "0:00:16"]
[BlackClock "0:00:37"]

1. Nf3 Nf6 2. c4 c6 3. e3 g6 4. Nc3 Bg7 5. d4 O-O 6. Be2 d5 7. O-O a6 8. b4 Bg4 9. cxd5 cxd5 10. h3 Bxf3 11. Bxf3 Nc6 12. Qb3 e5 13. Nxd5 exd4 14. Nxf6+ Bxf6 15. Bxc6 bxc6 16. Rd1 Rb8 17. exd4 a5 18. a3 axb4 19. axb4 Bxd4 20. Bf4 Qf6 21. Bxb8 Qxf2+ 22. Kh1 Bxa1 23. Bg3 Qf6 24. Qc4 Qc3 25. Qxc3 Bxc3 26. Rc1 Bxb4 27. Rxc6 Re8 28. Rb6 Bf8 29. Rb8 Rxb8 30. Bxb8 f5 31. g4 Kf7 32. gxf5 gxf5 33. Kg2 Ke6 34. Kf3 Bd6 35. Ba7 h5 36. Bd4 Kd5 37. Bb2 Be5 38. Bc1 Ke6 39. Be3 Kd5 40. Bd2 Ke6 41. Be3 Kd5 42. Bd2 Ke6 43. Be3 1/2-1/2


[Site "https://www.chess.com"]

[Event "Titled Tuesday Blitz November 16 2021"]
[White "Leiva, Gianmarco"]
[Black "Tillyaev, Ulugbek"]
[WhiteFideId "3804399"]
[BlackFideId "14202441"]
[WhiteElo "2318"]
[BlackElo "2341"]
[Result "0-1"]
[Round "11"]
[TimeControl "180+1"]
[Date "2021.11.16"]
[WhiteClock "0:00:03"]
[BlackClock "0:00:27"]

1. e4 c5 2. Nf3 e6 3. g3 Nc6 4. Bg2 Nf6 5. Qe2 d6 6. O-O Be7 7. c3 e5 8. Na3 O-O 9. Nc2 Bg4 10. Ne3 Bh5 11. Nf5 Qd7 12. d3 d5 13. Bg5 Bd8 14. h3 c4 15. Bxf6 Bxf6 16. dxc4 dxe4 17. Qxe4 Bg6 18. g4 Rad8 19. h4 h5 20. Bh3 Qd3 21. Qxd3 Rxd3 22. Ne3 e4 23. Ng5 Bxg5 24. hxg5 Rd2 25. Rab1 Ne5 26. Rfd1 Rfd8 27. Rxd2 Rxd2 28. Rd1 Rxb2 29. Rd8+ Kh7 30. gxh5 Bxh5 31. Bf5+ Bg6 32. c5 Nf3+ 33. Kg2 Nh4+ 34. Kg3 Nxf5+ 35. Nxf5 Bxf5 36. Re8 Rb5 37. Re5 Kg6 38. Kf4 Be6 39. Kxe4 Bxa2 40. Kd4 Be6 41. c4 Rb4 42. c6 Rxc4+ 43. Kd3 Rxc6 44. f4 Rd6+ 45. Ke3 Rd5 46. f5+ Kxg5 47. Rxd5 Bxd5 48. f6 Kxf6 49. Kf4 Ke6 50. Kg3 a5 51. Kf4 a4 52. Kg4 a3 53. Kg5 a2 54. Kh5 a1=Q 55. Kg5 Qf1 56. Kh5 Qg1 57. Kh4 Kf5 58. Kh3 Qg2+ 59. Kh4 Qh2# 0-1


[Site "https://www.chess.com"]

[Event "Titled Tuesday Blitz November 16 2021"]
[White "Martinez Alcantara, Jose Eduardo"]
[Black "Yoo, Christopher Woojin"]
[WhiteFideId "3805662"]
[BlackFideId "30909694"]
[WhiteElo "2690"]
[BlackElo "2105"]
[Result "1-0"]
[Round "11"]
[TimeControl "180+1"]
[Date "2021.11.16"]
[WhiteClock "0:00:12"]
[BlackClock "0:00:05"]

1. e4 c5 2. Nf3 Nc6 3. c3 Nf6 4. Bd3 d6 5. h3 g6 6. Bc2 e5 7. d4 cxd4 8. cxd4 exd4 9. Nxd4 Nxd4 10. Qxd4 Bg7 11. O-O O-O 12. Nc3 Be6 13. Qb4 Qb6 14. Qxb6 axb6 15. Rd1 Rfd8 16. Bg5 h6 17. Be3 d5 18. Bxb6 Rdc8 19. Bb3 dxe4 20. Bxe6 fxe6 21. Rd6 Kf7 22. Rad1 Rc6 23. Rxc6 bxc6 24. Rd8 Ra6 25. Bd4 g5 26. Rb8 Kg6 27. Rb7 h5 28. Rxg7+ Kxg7 29. Nxe4 Kg6 30. Bxf6 Rxa2 31. Bc3 Kf5 32. Ng3+ Kg6 33. f3 h4 34. Ne4 Ra1+ 35. Kf2 Rc1 36. Bd2 Rc2 37. b4 Kf5 38. Ke2 Rb2 39. Nxg5 Rxd2+ 40. Kxd2 Kxg5 41. Ke3 Kf5 42. f4 Kg6 43. Kf2 Kh6 44. Kf3 Kh5 45. Ke4 Kg6 46. Ke5 Kf7 47. Kd6 Kf6 48. Kxc6 Kf5 49. Kd6 Kxf4 50. Kxe6 Kg3 51. Kf5 Kxg2 52. Kg4 1-0


[Site "https://www.chess.com"]

[Event "Titled Tuesday Blitz November 16 2021"]
[White "Mikhailovsky, Vladimir"]
[Black "Llorente Zaro, Alfonso"]
[WhiteFideId "34105414"]
[BlackFideId "2254131"]
[WhiteElo "2409"]
[BlackElo "2480"]
[Result "1-0"]
[Round "11"]
[TimeControl "180+1"]
[Date "2021.11.16"]
[WhiteClock "0:00:07"]
[BlackClock "0:00:01"]

1. e4 c6 2. c4 d5 3. cxd5 cxd5 4. exd5 Nf6 5. Qa4+ Nbd7 6. Nc3 g6 7. Nf3 Bg7 8. Bc4 O-O 9. d3 a6 10. Qa3 Nb6 11. Qb3 Nxc4 12. dxc4 e6 13. O-O b5 14. cxb5 axb5 15. Bg5 exd5 16. Rad1 Be6 17. Nd4 Qb6 18. Ncxb5 Rfc8 19. Nxe6 fxe6 20. Bxf6 Bxf6 21. a4 Rc4 22. Ra1 Qc5 23. Qh3 Ra6 24. b3 Rc2 25. Rab1 Kg7 26. Qd3 Rc6 27. h3 Qb4 28. Qe3 h6 29. Qa7+ Kg8 30. Qd7 h5 31. Rbe1 Rxf2 32. Qxc6 Rxg2+ 33. Kxg2 Qd2+ 34. Kh1 Be5 35. Qxe6+ Kh7 36. Qxe5 Kh6 37. Qe3+ 1-0


[Site "https://www.chess.com"]

[Event "Titled Tuesday Blitz November 16 2021"]
[White "Mirzoev, Azer"]
[Black "Manafov, Vugar"]
[WhiteFideId "13400304"]
[BlackFideId "13410814"]
[WhiteElo "2525"]
[BlackElo "2277"]
[Result "1/2-1/2"]
[Round "11"]
[TimeControl "180+1"]
[Date "2021.11.16"]
[WhiteClock "0:00:04"]
[BlackClock "0:00:30"]

1. d4 Nf6 2. Nf3 e6 3. Bf4 Bd6 4. Bg3 Bxg3 5. hxg3 d6 6. Nbd2 Nc6 7. c3 e5 8. e4 Bg4 9. dxe5 dxe5 10. Bb5 O-O 11. Qa4 Bd7 12. Qb3 Qe7 13. Be2 Rab8 14. O-O Be6 15. Qc2 Qc5 16. Nb3 Qe7 17. Rfe1 Rbd8 18. Bb5 Bd7 19. Rad1 a6 20. Bf1 Bg4 21. Rxd8 Rxd8 22. Nbd2 Qc5 23. Qb3 Na5 24. Qb4 Qxb4 25. cxb4 Nc6 26. a3 Nd4 27. Nxd4 Rxd4 28. Nb3 Rd6 29. f3 Bc8 30. Nc5 Nd7 31. Rc1 c6 32. Nb3 Nb6 33. Kf2 Kf8 34. Rc2 Ke7 35. g4 g5 36. Na5 f6 37. Ke3 Rd1 38. Be2 Rb1 39. Rd2 Na4 40. Nc4 Be6 41. Bd3 Re1+ 42. Kf2 Ra1 43. Na5 Bc8 44. Nb3 Ra2 45. Nc5 Rxb2 46. Rxb2 Nxb2 47. Be2 Kd6 48. Ke3 a5 49. Kd2 axb4 50. axb4 b6 51. Nb3 Na4 52. Nc1 Be6 53. Bd1 Nb2 54. Be2 Bc4 55. Bxc4 Nxc4+ 56. Kd3 Na3 57. Nb3 Nb5 58. Nd2 Ke6 59. Nc4 c5 60. Nxb6 cxb4 61. Kc4 Nd4 62. Kxb4 Nc2+ 63. Kc3 Ne1 64. Kd2 Nxg2 65. Nc4 Nf4 66. Ne3 Kd6 67. Nf5+ Kd7 68. Ke3 Ne6 69. Ng3 Nd4 70. Nh5 Ke6 71. Ng3 Nc6 72. Kd3 Nb8 73. Ke3 Nd7 74. Nh5 Kd6 75. Ng7 Kc5 76. Nf5 Kc6 77. Ne7+ Kd6 78. Nf5+ Ke6 79. Ng3 Kf7 80. Nf5 Nf8 81. Ng3 Ne6 82. Nf5 Nf4 83. Ng3 Kg6 84. Kf2 h5 85. gxh5+ Nxh5 86. Nf5 Ng7 87. Ne3 Ne6 88. Nf5 Kh5 89. Kg3 Nd4 90. Ne3 Ne2+ 91. Kf2 Nf4 92. Kg3 Kg6 93. Nf5 Kf7 94. Ne3 Ke6 95. Kg4 Nd3 96. Nf5 Kd7 97. Ne3 Ke6 98. Nf5 Ne1 99. Ne3 Nd3 1/2-1/2


[Site "https://www.chess.com"]

[Event "Titled Tuesday Blitz November 16 2021"]
[White "Nagy, Gabor"]
[Black "Narayanan, Srinath"]
[WhiteFideId "737119"]
[BlackFideId "5018420"]
[WhiteElo "2534"]
[BlackElo "2472"]
[Result "1/2-1/2"]
[Round "11"]
[TimeControl "180+1"]
[Date "2021.11.16"]
[WhiteClock "0:00:32"]
[BlackClock "0:00:04"]

1. d4 Nf6 2. Nf3 d5 3. c4 e6 4. Nc3 Bb4 5. e3 O-O 6. a3 Bxc3+ 7. bxc3 c5 8. cxd5 Nxd5 9. c4 Ne7 10. Bd3 b6 11. Bxh7+ Kxh7 12. Ng5+ Kg6 13. h4 f6 14. Qd3+ Nf5 15. h5+ Kh6 16. Nf3 cxd4 17. e4+ Kh7 18. exf5 exf5 19. O-O Nc6 20. Bf4 Be6 21. Rfe1 Qd7 22. Nh4 Rfe8 23. Re2 Qf7 24. Rae1 Bxc4 25. Qxf5+ Kg8 26. Rxe8+ Rxe8 27. Rxe8+ Qxe8 28. h6 gxh6 29. Qxf6 Qe6 30. Qxh6 Qxh6 31. Bxh6 d3 32. Nf5 Be6 33. Nd6 Nd4 34. Kf1 Kh7 35. Bd2 Nc2 36. a4 Bd7 37. f4 Bxa4 38. Nc8 Bd7 39. Nxa7 b5 40. Kf2 b4 41. Bxb4 Nxb4 42. Ke3 Kg6 43. g4 Bxg4 44. Nc6 Bf5 45. Nxb4 Kf6 46. Nd5+ Kg6 47. Ne7+ Kf6 48. Nxf5 Kxf5 49. Kxd3 Kxf4 1/2-1/2


[Site "https://www.chess.com"]

[Event "Titled Tuesday Blitz November 16 2021"]
[White "Papasimakopoulos, Alexandros"]
[Black "Samadov, Read"]
[WhiteFideId "4244125"]
[BlackFideId "13417444"]
[WhiteElo "2394"]
[BlackElo "2084"]
[Result "0-1"]
[Round "11"]
[TimeControl "180+1"]
[Date "2021.11.16"]
[WhiteClock "0:00:14"]
[BlackClock "0:00:05"]

1. d4 d5 2. c4 e6 3. Nc3 Be7 4. cxd5 exd5 5. Bf4 Nf6 6. e3 Bf5 7. Qb3 Nc6 8. a3 Na5 9. Qd1 O-O 10. Nf3 Nc4 11. Bxc4 dxc4 12. Ne5 Nd5 13. Nxc4 Nxf4 14. exf4 Bf6 15. Ne5 Qd6 16. Qd2 Rfd8 17. Rd1 c5 18. O-O cxd4 19. Nb5 Qd5 20. Nc7 Qb3 21. Nxa8 Rxa8 22. Qxd4 h5 23. Qc3 Qxc3 24. bxc3 Rc8 25. Rc1 g5 26. g3 gxf4 27. gxf4 Rc5 28. Rfd1 Ra5 29. Nc4 Ra4 30. Nd6 Bg4 31. Rd3 Rxa3 32. Nxb7 a5 33. Nd6 a4 34. Ne4 Bg7 35. Rd8+ Kh7 36. f3 Bf5 37. c4 Rb3 38. Ng5+ Kg6 39. Rd6+ f6 40. c5 a3 41. Ra6 a2 42. Rxa2 fxg5 43. fxg5 Bd4+ 44. Kg2 Kxg5 45. c6 Rb8 46. h4+ Kf6 47. Rc4 Rg8+ 48. Kh1 Be6 49. Rac2 Bxc4 50. Rxc4 Be5 51. f4 Bc7 52. Rc5 Rh8 53. Kg2 Kg6 54. Kf3 Rf8 55. Rg5+ Kh6 56. f5 Bd8 57. Rg6+ Kh7 58. Ke4 Bxh4 59. Rg1 Bd8 60. Ke5 Bc7+ 61. Ke6 h4 62. f6 h3 63. Rg7+ Kh6 64. Ke7 h2 65. Kxf8 h1=Q 66. Kg8 Qe4 67. f7 Qe6 68. Rh7+ Kg6 69. Rg7+ Kf6 70. Rg1 Qxf7+ 71. Kh8 Qf8+ 72. Kh7 Qf7+ 73. Kh8 Qd5 74. Rf1+ Ke6 75. Kg7 Qg5+ 76. Kf8 Qc5+ 77. Kg7 Qc3+ 78. Kf8 Qxc6 79. Kg7 Qc3+ 80. Kg6 Qg3+ 81. Kh7 Qh3+ 82. Kg8 Qxf1 83. Kh7 Qg2 84. Kh8 Qg5 85. Kh7 Kf7 86. Kh8 Qg7# 0-1


[Site "https://www.chess.com"]

[Event "Titled Tuesday Blitz November 16 2021"]
[White "Postnikov, Daniil"]
[Black "FGHSMN"]
[WhiteFideId "4166329"]
[WhiteElo "2261"]
[BlackElo "2685"]
[Result "0-1"]
[Round "11"]
[TimeControl "180+1"]
[Date "2021.11.16"]
[WhiteClock "0:00:01"]
[BlackClock "0:01:19"]

1. e4 e6 2. d4 d5 3. e5 c5 4. c3 Nc6 5. Nf3 Bd7 6. a3 f6 7. Bd3 Qc7 8. O-O fxe5 9. Nxe5 Nxe5 10. dxe5 O-O-O 11. c4 d4 12. Qe2 Ne7 13. Nd2 Ng6 14. Nf3 Be7 15. b4 Bc6 16. bxc5 Bxf3 17. Qxf3 Nxe5 18. Qg3 Nxd3 19. Qxd3 Bxc5 20. f4 Kb8 21. Ra2 g6 22. Re2 Rhe8 23. Rfe1 Qc6 24. Bd2 Qd6 25. Bb4 Bxb4 26. axb4 Qxf4 27. Re4 Qd6 28. c5 Qd5 29. Re5 Qd7 30. b5 Ka8 31. Ra1 Kb8 32. Qa3 Qxb5 33. Qxa7+ Kc7 34. Qa3 d3 0-1


[Site "https://www.chess.com"]

[Event "Titled Tuesday Blitz November 16 2021"]
[White "Pranav, V"]
[Black "Demchenko, Anton"]
[WhiteFideId "25060783"]
[BlackFideId "4160258"]
[WhiteElo "2351"]
[BlackElo "2583"]
[Result "0-1"]
[Round "11"]
[TimeControl "180+1"]
[Date "2021.11.16"]
[WhiteClock "0:00:03"]
[BlackClock "0:00:04"]

1. e4 e5 2. Nf3 Nc6 3. Bb5 a6 4. Ba4 d6 5. Bxc6+ bxc6 6. d4 f6 7. O-O Ne7 8. Nc3 Ng6 9. Qe2 Be7 10. Qc4 Qd7 11. Be3 a5 12. Rfd1 Ba6 13. Qb3 Qc8 14. Qa4 Bb7 15. Ne2 O-O 16. Ng3 Re8 17. c4 Bf8 18. d5 c5 19. Rd3 Ne7 20. Nh4 c6 21. Qd1 cxd5 22. cxd5 Qc7 23. Rc1 Reb8 24. Bxc5 Ba6 25. Be3 Qd7 26. Rb3 a4 27. Rbc3 Rb7 28. Nh5 Rc8 29. Rxc8 Nxc8 30. Nf5 Kh8 31. h4 Ne7 32. Nxe7 Bxe7 33. Ng3 g6 34. h5 Kg7 35. hxg6 hxg6 36. Qd2 Bb5 37. f3 Rc7 38. Kf2 Rxc1 39. Qxc1 Qb7 40. Qh1 Be8 41. Qc1 Kg8 42. Ne2 Bd8 43. a3 Ba5 44. Qc2 Bd8 45. Nc1 Ba5 46. Nd3 Kf7 47. Nc1 Qb5 48. g4 Qb7 49. Ne2 Qb5 50. Nc3 Qc4 51. Qd2 Bxc3 52. bxc3 Bb5 53. g5 f5 54. Qd1 f4 55. Bd2 Qc5+ 56. Kg2 Qxa3 57. Qh1 Qb2 58. Qh7+ Kf8 59. Qh8+ Ke7 60. Qf6+ Kd7 61. Qe6+ Kc7 62. c4 Qxd2+ 63. Kg1 Bd7 64. c5 Bxe6 0-1


[Site "https://www.chess.com"]

[Event "Titled Tuesday Blitz November 16 2021"]
[White "Sarana, Alexey"]
[Black "Pour Agha Bala, Amirreza"]
[WhiteFideId "24133795"]
[BlackFideId "12572896"]
[WhiteElo "2689"]
[BlackElo "2313"]
[Result "1-0"]
[Round "11"]
[TimeControl "180+1"]
[Date "2021.11.16"]
[WhiteClock "0:00:09"]
[BlackClock "0:00:09"]

1. e4 c5 2. Nf3 Nc6 3. c3 d5 4. exd5 Qxd5 5. d4 e5 6. Nxe5 Nxe5 7. dxe5 Qxe5+ 8. Be3 Bd7 9. Nd2 Nf6 10. Qb3 Qc7 11. O-O-O Be7 12. h3 O-O 13. g4 a5 14. g5 a4 15. Qc4 Be6 16. Qf4 Qxf4 17. Bxf4 Nd5 18. Bg3 Bxg5 19. h4 Bxd2+ 20. Rxd2 a3 21. Bd3 axb2+ 22. Kxb2 Rfd8 23. Rhd1 Re8 24. Bb5 Nb6 25. Kc1 Rf8 26. Rd6 Na4 27. Be5 b6 28. Rg1 g6 29. h5 Bxa2 30. Bf6 Rae8 31. Bxa4 Re2 32. f4 Re4 33. Bc2 Rxf4 34. Bg5 Rf3 35. Kb2 Bc4 36. Bh6 Ra8 37. Rgd1 f5 38. Rd7 Rf2 39. Rg7+ Kf8 40. Ra7+ 1-0


[Site "https://www.chess.com"]

[Event "Titled Tuesday Blitz November 16 2021"]
[White "Seul, Georg"]
[Black "Remizov, Yaroslav"]
[WhiteFideId "4601653"]
[BlackFideId "34134015"]
[WhiteElo "2271"]
[BlackElo "2325"]
[Result "0-1"]
[Round "11"]
[TimeControl "180+1"]
[Date "2021.11.16"]
[WhiteClock "0:00:10"]
[BlackClock "0:00:12"]

1. e4 a6 2. d4 b6 3. Nf3 c6 4. Bd3 d6 5. O-O Ra7 6. c4 e6 7. Nc3 f6 8. d5 cxd5 9. cxd5 e5 10. Nh4 g5 11. Qh5+ Rf7 12. Nf5 Ne7 13. Be3 Ng6 14. g3 Rg8 15. Kh1 Nd7 16. Rac1 Nc5 17. Bc2 Ne7 18. Bxc5 Nxf5 19. Bxb6 Qxb6 20. Ba4+ Ke7 21. exf5 Bxf5 22. Bc2 Bg6 23. Qe2 f5 24. g4 Qxb2 25. Qxa6 Qxc3 26. gxf5 Bxf5 27. Bxf5 Qf3+ 28. Kg1 Qxf5 29. Rc3 Kf6 30. a4 g4 31. a5 h5 32. Qe2 h4 33. a6 Rgg7 34. Kh1 Kg6 35. Rg1 Kh7 36. Rc4 Qxf2 37. Qe4+ Qf5 38. Qxf5+ Rxf5 39. Rgxg4 Rxg4 40. Rxg4 Rf1+ 41. Kg2 Ra1 42. Rxh4+ Bh6 43. Rc4 Rxa6 44. Rc6 Ra2+ 45. Kf3 Bf8 46. Ke4 Kg6 0-1


[Site "https://www.chess.com"]